 Dungeon Crawl Stone Soup version 0.30-a0-54-g2e61a25929 (webtiles) character file.

Game seed: 17410896886355726639

1456 LnG the Cleaver (level 8, -4/71 HPs)
             Began as a Hill Orc Fighter on Sept 8, 2022.
             Was a Follower of Uskayaw.
             Killed by divine providence
             ... invoked by an orc priest
              (12 damage)
             ... on level 6 of the Dungeon.
             The game lasted 00:08:39 (5312 turns).

LnG the Cleaver (Hill Orc Fighter)                  Turns: 5312, Time: 00:08:40

Health: -4/71      AC: 11    Str: 27    XL:     8   Next: 76%
Magic:  8/8        EV: 10    Int:  8    God:    Uskayaw [*.....]
Gold:   215        SH:  4    Dex: 10    Spells: 7/7 levels left

rFire   + . .      SeeInvis .    a - +0 war axe
rCold   + . .      Faith    .    c - +0 buckler
rNeg    . . .      Spirit   .    b - +0 scale mail
rPois   .          Reflect  .    (no helmet)
rElec   .          Harm     .    j - scarf {rC+ rF+}
rCorr   .          Rampage  .    (no gloves)
Will    .....                    (no boots)
Stlth   ..........               A - amulet of regeneration
HPRegen 1.01/turn                w - +4 ring of protection
MPRegen 0.11/turn                y - +6 ring of strength

@: mighty
A: no striking features
a: Renounce Religion, Convert to Beogh, Stomp


You were on level 6 of the Dungeon.
You worshipped Uskayaw.
Uskayaw was noncommittal.
You visited 2 branches of the dungeon, and saw 8 of its levels.

You collected 215 gold pieces.

Inventory:

Hand Weapons
 a - a +0 war axe (weapon)
Missiles
 x - a throwing net (quivered)
Armour
 b - a +0 scale mail (worn)
 c - a +0 buckler (worn)
 j - a scarf of resistance (worn)
Jewellery
 p - a +4 ring of evasion
 w - a +4 ring of protection (left hand)
 y - a +6 ring of strength (right hand)
 A - an amulet of regeneration (around neck)
Wands
 k - a wand of polymorph (24)
 u - a wand of flame (2)
Scrolls
 e - 2 scrolls of fear {unknown}
 h - a scroll of silence {unknown}
 l - 2 scrolls of blinking {unknown}
 m - 2 scrolls of teleportation {unknown}
 o - 2 scrolls of fog {unknown}
 r - 2 scrolls of magic mapping
 t - 2 scrolls of identify {unknown}
 v - a scroll of enchant armour {unknown}
 z - a scroll of immolation {unknown}
Potions
 f - 5 potions of flight {unknown}
 g - 3 potions of heal wounds {unknown}
 i - 3 potions of curing {unknown}
 n - a potion of resistance {unknown}
 q - 3 potions of magic {unknown}
 s - 3 potions of mutation {unknown}


   Skills:
 + Level 6.3 Fighting
 + Level 9.6 Axes
 + Level 6.2 Armour
 + Level 2.0 Dodging
 + Level 0.9 Stealth
 + Level 4.6 Shields


You had 7 spell levels left.
You didn't know any spells.
Your spell library was empty.

Dungeon Overview and Level Annotations

Branches:
Dungeon (7/15)             Temple (1/1) D:4

Altars:
Ashenzari
Cheibriados
Dithmenos
Elyvilon
Gozag
Hepliaklqana
Makhleb
Okawaru
Qazlal
Ru
Sif Muna
Trog
Uskayaw
Vehumet
Wu Jian
Xom
Yredelemnul
Zin

Annotations:
D:3 1 runed translucent door, Crazy Yiuf
D:7 Pikel


Message History

The orc is almost dead.
The orc hits you with a +0 club.
The orc priest invokes the aid of Beogh against you.
Beogh smites you! The orc hits you with a +0 club.
* * * LOW HITPOINT WARNING * * *
You slash the orc!
You kill the orc!
The orc throws a boomerang.
The boomerang hits you but does no damage.
The orc throws a boomerang.
The boomerang hits you but does no damage.
The orc priest invokes the aid of Beogh against you.
Beogh smites you!
* * * LOW HITPOINT WARNING * * *
The orc throws a boomerang.
You block the boomerang.
There is a stone staircase leading down here.
You climb downwards.
Pikel shouts!
The lemure shouts! x3
There is a stone staircase leading up here.
A lemure comes into view.
The lemure shouts!
You climb upwards.
The orc priest mumbles some strange prayers to Beogh against you.
Beogh smites you!
* * * LOW HITPOINT WARNING * * *
The orc completely misses you.
You hear a shout!
You can no longer pass through a line of other dancers.
There is a stone staircase leading down here.
You feel very mighty all of a sudden. The orc hits you but does no damage.
The hound bites you.
* * * LOW HITPOINT WARNING * * *
You closely miss the hound. You barely miss the orc.
You block the orc's attack. The hound closely misses you.
You barely miss the hound. You slash the orc!
You kill the orc!
The hound barely misses you.
The orc priest mumbles some strange prayers to Beogh against you.
Beogh smites you!
You die...

# .. ..≈ ....
...h.#####
.._......#############
.......).[)).o.h@....#
.........#######)###[#
..≈..##### #.# #.#
..≈. #.# #.# #.≈
####.###'## #.
..........# #
..........###########
.........['..........
####.(....###########


You could see a hound and an orc priest.

Vanquished Creatures
  Grinder (D:3)
  A wraith (D:5)
  A steam dragon (D:6)
  Edmund (D:4)
  A sky beast (D:6)
  A necrophage (D:4)
  4 scorpions
  A hound (D:5)
  3 orc priests
  A jelly (D:4)
  Terence (D:3)
  An iguana (D:5)
  3 orc wizards (D:6)
  3 adders
  4 gnolls (D:4)
  A shadow imp (D:5)
  An ufetubus (D:5)
  2 worms
  3 dart slugs
  20 orcs
  4 bats
  7 endoplasms
  A giant cockroach (D:1)
  6 hobgoblins
  8 jackals (D:1)
  6 quokkas
  9 ball pythons
  3 frilled lizards
  8 goblins
  6 kobolds
  4 rats
116 creatures vanquished.

Vanquished Creatures (others)
  7 fungi (D:6)
  26 plants (D:2)
33 creatures vanquished.

Grand Total: 149 creatures vanquished

Notes
Turn   | Place    | Note
-------+----------+-------------------------------------------
     0 | D:1      | LnG the Hill Orc Fighter began the quest for the Orb.
     0 | D:1      | Reached XP level 1. HP: 19/19 MP: 1/1
   196 | D:1      | Reached skill level 3 in Axes
   197 | D:1      | Reached XP level 2. HP: 27/27 MP: 2/2
   611 | D:1      | Reached XP level 3. HP: 33/33 MP: 3/3
   893 | D:2      | Reached skill level 4 in Axes
  1148 | D:2      | Reached XP level 4. HP: 40/40 MP: 4/4
  1570 | D:3      | Noticed Grinder
  1575 | D:3      | Paralysed by Grinder for 4 turns
  1660 | D:3      | Paralysed by Grinder for 4 turns
  1780 | D:3      | Killed Grinder
  1781 | D:3      | Reached skill level 6 in Axes
  1781 | D:3      | Reached skill level 1 in Dodging
  1781 | D:3      | Reached XP level 5. HP: 44/47 MP: 5/5
  1781 | D:3      | Reached XP level 6. HP: 49/53 MP: 6/6
  1874 | D:3      | Found a faded altar of an unknown god.
  2108 | D:3      | Noticed Terence
  2116 | D:3      | Killed Terence
  2302 | D:3      | Found a runed translucent door.
  2303 | D:3      | Noticed Crazy Yiuf
  2386 | D:4      | Noticed Edmund
  2409 | D:4      | Killed Edmund
  2782 | D:4      | Reached XP level 7. HP: 59/60 MP: 7/7
  2859 | D:4      | Found a staircase to the Ecumenical Temple.
  2865 | Temple   | Entered the Ecumenical Temple
  2980 | Temple   | Became a worshipper of Uskayaw the Reveller
  3101 | D:4      | Reached * piety under Uskayaw
  3109 | D:4      | Noticed a shadow
  3110 | D:4      | Found a shadowy altar of Dithmenos.
  3111 | D:4      | Found a hazy altar of Hepliaklqana.
  3356 | D:4      | Reached skill level 7 in Axes
  3361 | D:4      | Reached ** piety under Uskayaw
  3365 | D:4      | Reached *** piety under Uskayaw
  3648 | D:4      | Reached skill level 5 in Fighting
  3727 | D:4      | Reached skill level 5 in Armour
  3888 | D:5      | Entered Level 5 of the Dungeon
  4130 | D:5      | Reached skill level 8 in Axes
  4196 | D:5      | Reached XP level 8. HP: 52/68 MP: 8/8
  4606 | D:5      | Noticed a wraith
  4624 | D:5      | Killed a wraith
  4625 | D:5      | Reached skill level 9 in Axes
  5231 | D:6      | Found a glowing silver altar of Zin.
  5286 | D:6      | Reached **** piety under Uskayaw
  5306 | D:7      | Noticed Pikel
  5312 | D:6      | Killed from afar by an orc priest

Illustrated notes

Levels and vault maps discovered:
D:1:      dpeg_arrival_windows_large_door, layout_loops_cross
D:2:      layout_rooms, serial_bayou_lagoon_a
D:3:      layout_basic, basic_ecumenical_altar, uniq_crazy_yiuf_cottage,
          uniq_terence, uniq_grinder
D:4:      layout_basic, riverfiend_overflow_shadow_ancestor,
          minmay_temple_entry_waves, kennysheep_crisscross, uniq_edmund
D:5:      layout_cave_pools
D:6:      layout_basic, mainiacjoe_overflow_boulevard, serial_park_tiny_2,
          uniq_menkaure
D:7:      layout_basic, mainiacjoe_overflow_chevrons,
          mainiacjoe_overflow_alcove_4, uniq_pikel
Temple:   regret_index_temple_waves

Skill      XL: |  1  2  3  4  5  6  7  8 |
---------------+-------------------------+-----
Axes           | 3 4 6 8 9 |  9.6
Fighting       | 4 5 6 |  6.3
Armour         | 4 5 6 |  6.2
Dodging        | 1 2 |  2.0
Shields        | 4 |  4.6
Stealth        | |  0.9

Action                   |  1- 3 |  4- 6 |  7- 9 || total
-------------------------+-------+-------+-------++-------
Melee: War axe           |    99 |   116 |   191 ||   406
  Use: Scroll            |       |       |     1 ||     1
       Potion            |       |       |     1 ||     1
 Stab: Paralysed         |       |       |     3 ||     3
Armor: Scale mail        |    47 |    53 |    64 ||   164
Dodge: Dodged            |    51 |    49 |   107 ||   207
Block: Buckler           |    25 |    20 |    38 ||    83

Table legend: (Time is in decaauts)
 A = Elapsed time spent in this place.
 B = Non-inter-level travel time spent in this place.
 C = Inter-level travel time spent in this place.
 D = Time resting spent in this place.
 E = Time spent auto-exploring this place.
 F = Levels seen in this place.
 G = Mean time per level.
                   A        B        C        D        E       F      G
               +--------+--------+--------+--------+--------+-----+--------+
         Total |   5486 |   5172 |    314 |   1267 |   2703 |   8 |  685.8 |
       Dungeon |   5332 |   5067 |    265 |   1267 |   2610 |   7 |  761.7 |
        Temple |    153 |    105 |     48 |      0 |     92 |   1 |  153.0 |
               +--------+--------+--------+--------+--------+-----+--------+

Top non-repeatable levels by time:
     D:4: 1441 daAuts
     D:5: 1116 daAuts
     D:2: 1008 daAuts
     D:1: 802 daAuts
     D:3: 645 daAuts
     D:6: 315 daAuts
  Temple: 153 daAuts
     D:7: 2 daAuts
